 Dungeon Crawl Stone Soup version 0.23.1 (webtiles) character file.

Game seed: 0

12417 Norn the Slinger (level 12, -1/87 HPs)
             Began as a Halfling Hunter on Mar 15, 2019.
             Was a High Priest of Okawaru.
             Hit by a javelin of returning thrown by a minotaur (17 damage)
             ... in a Gauntlet.
             The game lasted 01:00:03 (19316 turns).

Norn the Slinger (Halfling Hunter)                 Turns: 19316, Time: 01:00:03

Health: -1/87      AC:  8    Str: 13    XL:     12   Next: 20%
Magic:  0/12       EV: 23    Int: 13    God:    Okawaru [*****.]
Gold:   568        SH:  0    Dex: 16    Spells: 11/11 levels left

rFire    . . .     SeeInvis .   a - +2 hunting sling
rCold    + . .     Gourm    .   (shield restricted)
rNeg     + + .     Faith    .   C - +2 leather armour {rC+}
rPois    .         Spirit   +   m - +2 hat of the Bear Spirit {Spirit, +Rage rN+ MR++}
rElec    .         Reflect  .   (no cloak)
rCorr    .         Harm     .   (no gloves)
MR       ++...     NoTele   +   x - +0 pair of boots
Stlth    +.........             K - amulet of magic regeneration
HPRegen  0.24/turn              q - ring of positive energy
MPRegen  0.38/turn              f - ring of attention

@: no status effects
A: small, mutation resistance 1
a: Heroism, Finesse, Renounce Religion, Evoke Berserk Rage


You were in a Gauntlet.
You worshipped Okawaru.
Okawaru was extremely pleased with you.
You were full.

You visited 2 branches of the dungeon, and saw 12 of its levels.
You also visited: Ossuary and Gauntlet.

You collected 568 gold pieces.

Inventory:

Hand Weapons
 a - a +2 hunting sling (weapon)
 b - a +2 dagger of venom
   (You took it off a goblin on level 4 of the Dungeon)
 j - a +0 long sword
   (You found it on level 8 of the Dungeon)
 B - a +0 short sword
 F - a +2 whip of freezing
   (You took it off Pikel on level 7 of the Dungeon)
Missiles
 c - 148 sling bullets (quivered)
 l - 272 stones
Armour
 m - the +2 hat of the Bear Spirit (worn) {Spirit, +Rage rN+ MR++}
   (You found it in a Gauntlet)

   It protects you from negative energy.
   It affects your resistance to hostile enchantments.
   It lets you go berserk.
 x - a +0 pair of boots (worn)
   (You found it on level 3 of the Dungeon)
 A - a +1 helmet
   (You took it off Robin on level 4 of the Dungeon)
 C - a +2 leather armour of cold resistance (worn)
   (You found it on level 4 of the Dungeon)
 L - a +0 shield
   (You took it off a gnoll sergeant on level 10 of the Dungeon)
Jewellery
 f - a ring of attention (right hand)
   (You found it on level 2 of the Dungeon)
 q - a ring of positive energy (left hand)
   (You found it on level 3 of the Dungeon)
 G - an uncursed amulet of the gourmand
   (You found it on level 9 of the Dungeon)
 K - an amulet of magic regeneration (around neck)
   (You found it on level 3 of the Dungeon)
Wands
 d - a wand of iceblast (5)
   (You found it on level 5 of the Dungeon)
 t - a wand of flame (16)
   (You found it on level 10 of the Dungeon)
 u - a wand of paralysis (2)
   (You took it off Pikel on level 7 of the Dungeon)
 J - a wand of enslavement (7)
   (You found it on level 10 of the Dungeon)
Scrolls
 g - 15 scrolls of remove curse {@r2}
 i - a scroll of identify {@r1}
 k - 3 scrolls of amnesia
 n - 4 scrolls of teleportation {@r4}
 y - a scroll of enchant weapon
 I - 2 scrolls of enchant armour {unknown}
Potions
 h - a potion of haste {@q3}
 o - 2 potions of magic
 p - 3 potions of might
 s - 2 potions of degeneration {!q}
 v - 3 potions of lignification {!q}
 w - a potion of agility
 z - a potion of mutation {!q}
 E - 5 potions of flight
Comestibles
 e - 24 rations {!d}


   Skills:
 + Level 9.9 Fighting
 * Level 8.5 Long Blades
 - Level 12.0 Slings
 + Level 11.5 Dodging
 - Level 1.1 Stealth


You had 11 spell levels left.
You didn't know any spells.
Your spell library contained the following spells:

 Spells                   Type           Power        Failure   Level  Hunger
 Magic Dart               Conj           #...         36%         1    ##.....
 Blink                    Tloc           N/A          52%         2    ###....
 Call Imp                 Summ           #.......     52%         2    ###....
 Slow                     Hex            #.......     52%         2    ###....
 Conjure Flame            Conj/Fire      #.......     75%         3    ####...
 Mephitic Cloud           Conj/Pois/Air  #.......     75%         3    ####...


Dungeon Overview and Level Annotations

Branches:
Dungeon (11/15)            Temple (1/1) D:5            Lair (0/6) D:8
    Orc (0/2) D:10

Altars:
Ashenzari
Cheibriados
Dithmenos
Elyvilon
Fedhas
Gozag
Hepliaklqana
Kikubaaqudgha
Makhleb
Nemelex Xobeh
Okawaru
Qazlal
Ru
Sif Muna
Trog
Uskayaw
Vehumet
Wu Jian
Xom
Yredelemnul
Zin
The Shining One

Shops:
D:10 =

Annotations:
Gauntlet 12 transporters, 15 runed translucent doors


Innate Abilities, Weirdness & Mutations

You are small and have problems with some larger weapons.
You are somewhat resistant to further mutation.


Message History

A javelin of returning appears from out of thin air!
The javelin of returning closely misses you.
The weapon returns from whence it came!
The mass of ice explodes!
The iceblast engulfs something!
A javelin of returning appears from out of thin air!
The javelin of returning barely misses you.
The weapon returns from whence it came!
The mass of ice explodes!
The iceblast engulfs something but does no damage.
A javelin of returning appears from out of thin air!
The javelin of returning completely misses you.
The weapon returns from whence it came!
The mass of ice explodes!
The iceblast engulfs something but does no damage.
A javelin of returning appears from out of thin air!
The javelin of returning closely misses you.
The mass of ice explodes!
The iceblast engulfs something!
A javelin of returning appears from out of thin air!
The javelin of returning hits you!
* * * LOW HITPOINT WARNING * * *
The mass of ice explodes!
The iceblast engulfs something.
A javelin of returning appears from out of thin air!
The javelin of returning barely misses you.
The weapon returns from whence it came!
The mass of ice explodes!
The iceblast engulfs something!
A javelin of returning appears from out of thin air!
The javelin of returning misses you.
The weapon returns from whence it came!
Nothing appears to happen.
A minotaur appears from thin air!
Reactivating autopickup.
The minotaur throws a javelin of returning.
The javelin of returning hits you!!
* * * LOW HITPOINT WARNING * * *
The weapon returns to the minotaur!
Aim: a minotaur, wielding the +12 glaive of Prune {chop} and wearing a +0 crystal plate armour (heavily wounded, chance to defeat MR: 1%)
Okay, then.
Aim: a minotaur, wielding the +12 glaive of Prune {chop} and wearing a +0 crystal plate armour (heavily wounded)
The mass of ice explodes!
The iceblast engulfs the minotaur!
The minotaur throws a javelin of returning.
The javelin of returning hits you!!
* * * LOW HITPOINT WARNING * * *
The weapon returns to the minotaur!
You feel better.
Firing (i - inventory. (/) - cycle)
c - 149 sling bullets (quivered)
Aim: a minotaur, wielding the +12 glaive of Prune {chop} and wearing a +0 crystal plate armour (severely wounded)
You shoot a sling bullet.
The sling bullet hits the minotaur but does no damage.
You feel a little less agile now.
The minotaur throws a javelin of returning.
The javelin of returning hits you!!
You die...

#.#.# #.# #.#.# #.# #.#.###{#
#.#.....# #.####### #.....#
#####.# #########.#########
#≈.@...H.......§.§# # ### ###
####8..©.©.©.©.©.©.§8## # #8# #8#
#8##≈.............§.≈##
#################################
.....................≈∩≈.........
.................................
##########.###########.##########
...?©[...#.#..=.3|[.2#.#*!#.©.#33
.....b.(h#.#.#.#.#.#.#.##..#.#3.#


You could see a minotaur, a sun demon and a hellion.

Vanquished Creatures
  Fannar (D:10)
  Erolcha (D:10)
  A two-headed ogre (D:9)
  4 death yaks
  Pikel (D:7)
  A large abomination (Gauntlet)
  A troll (D:7)
  Grinder (D:4)
  A wyvern (D:8)
  4 yaks (D:9)
  5 fire bats (Gauntlet)
  A hungry ghost (D:9)
  Grum (D:8)
  A hell hound (Gauntlet)
  A water moccasin (D:5)
  4 orc warriors
  2 ice beasts (D:8)
  A sky beast (D:10)
  4 ogres
  4 wolves
  3 centaurs
  A big kobold (D:10)
  Blork the orc (D:5)
  A gnoll sergeant (D:10)
  6 bullfrogs
  A wyvern skeleton (D:9)
  4 scorpions
  7 wights
  A howler monkey (D:8)
  5 crimson imps
  3 centaur zombies
  A bullfrog zombie (D:5)
  5 hounds
  A bullfrog skeleton (D:10)
  9 orc priests
  3 jellies
  11 orc wizards
  A gnoll shaman (D:10)
  4 iguanas
  10 worker ants
  3 big kobold zombies (Ossuary)
  A hound zombie (D:5)
  3 hound skeletons (D:8)
  2 mummies (Ossuary)
  Robin (D:4)
  A worker ant zombie (D:9)
  8 gnolls
  17 adders
  2 shadow imps
  2 oozes (D:1)
  3 adder zombies
  An adder skeleton (D:8)
  4 worms
  5 dart slugs
  5 leopard geckos
  37 orcs
  2 ball pythons (D:2)
  8 giant cockroaches
  15 goblins
  15 hobgoblins
  19 jackals
  12 kobolds
  4 quokkas
  9 bats
  3 frilled lizards
  6 hobgoblin zombies (Ossuary)
  A jackal zombie (D:6)
  12 kobold zombies (Ossuary)
  A leopard gecko skeleton (D:8)
  9 orc zombies (Ossuary)
  14 rats
  3 rat zombies (Ossuary)
346 creatures vanquished.

Vanquished Creatures (others)
  A slave (D:7)
  6 demonic plants (Gauntlet)
7 creatures vanquished.

Grand Total: 353 creatures vanquished

Notes
Turn   | Place    | Note
-------+----------+-------------------------------------------
     0 | D:1      | Norn the Halfling Hunter began the quest for the Orb.
     0 | D:1      | Reached XP level 1. HP: 14/14 MP: 1/1
    20 | D:1      | Reached skill level 6 in Slings
   164 | D:1      | Reached XP level 2. HP: 19/19 MP: 2/2
   315 | D:1      | Reached XP level 3. HP: 18/24 MP: 3/3
  1122 | D:1      | Reached XP level 4. HP: 29/29 MP: 4/4
  1354 | D:2      | Reached skill level 7 in Slings
  1930 | D:2      | Reached XP level 5. HP: 35/35 MP: 5/5
  3306 | D:3      | Reached skill level 8 in Slings
  3322 | D:3      | Reached XP level 6. HP: 33/42 MP: 6/6
  3510 | D:3      | Noticed an ogre
  3533 | D:3      | Killed an ogre
  4059 | D:3      | Found a sparkling altar of Nemelex Xobeh.
  4256 | D:3      | Found a hide-covered altar of Uskayaw.
  4426 | D:4      | Reached skill level 9 in Slings
  4426 | D:4      | Reached XP level 7. HP: 38/46 MP: 7/7
  4558 | D:4      | Found a sand-covered staircase.
  4570 | Ossuary  | Entered an ossuary
  6072 | D:4      | Noticed Robin
  6096 | D:4      | Killed Robin
  6312 | D:4      | Found a snail-covered altar of Cheibriados.
  6530 | D:4      | Noticed Grinder
  6544 | D:4      | Reached skill level 10 in Slings
  6960 | D:4      | Found a basalt altar of Yredelemnul.
  7017 | D:4      | Killed Grinder
  7017 | D:4      | Reached skill level 5 in Dodging
  7017 | D:4      | Reached XP level 8. HP: 27/54 MP: 8/8
  7374 | D:5      | Entered Level 5 of the Dungeon
  7466 | D:5      | Reached skill level 11 in Slings
  7737 | D:5      | Found an opulent altar of Gozag.
  7807 | D:5      | Found a staircase to the Ecumenical Temple.
  7906 | Temple   | Entered the Ecumenical Temple
  7966 | Temple   | Became a worshipper of Warmaster Okawaru
  7991 | D:5      | Reached skill level 5 in Fighting
  8072 | D:5      | Reached XP level 9. HP: 61/61 MP: 9/9
  8235 | D:5      | Noticed Blork the orc
  8239 | D:5      | Killed Blork the orc
  8410 | D:6      | Reached skill level 12 in Slings
  8751 | D:6      | Found a blossoming altar of Fedhas.
  8971 | D:6      | Reached * piety under Okawaru
  9779 | D:7      | Found a shadowy altar of Dithmenos.
  9914 | D:7      | Noticed Pikel
  9937 | D:7      | Killed Pikel
 10221 | D:7      | Noticed a troll
 10235 | D:7      | Killed a troll
 10235 | D:7      | Reached ** piety under Okawaru
 10235 | D:7      | Reached XP level 10. HP: 69/71 MP: 10/10
 10724 | D:8      | Noticed Grum
 11647 | D:8      | Killed Grum
 11843 | D:8      | Found a burning altar of Makhleb.
 11843 | D:8      | Found a glowing golden altar of the Shining One.
 11844 | D:8      | Found a glowing silver altar of Zin.
 12082 | D:8      | Noticed a death yak
 12120 | D:8      | Killed a death yak
 12137 | D:8      | Noticed a death yak
 12139 | D:8      | Noticed a death yak
 12140 | D:8      | Noticed a death yak
 12142 | D:8      | Noticed a death yak
 12270 | D:7      | Killed a death yak
 12270 | D:7      | Reached *** piety under Okawaru
 12270 | D:7      | Reached skill level 10 in Dodging
 12925 | D:7      | HP: 1/73 [death yak (26)]
 13661 | D:7      | Found a shadowy altar of Dithmenos.
 13806 | D:7      | Killed a death yak
 13806 | D:7      | Reached XP level 11. HP: 68/78 MP: 11/11
 13901 | D:7      | Killed a death yak
 13901 | D:7      | Reached **** piety under Okawaru
 13901 | D:7      | Reached skill level 5 in Long Blades
 13979 | D:8      | Found a staircase to the Lair.
 14062 | D:8      | Found a shimmering altar of Xom.
 14406 | D:8      | Received a gift from Okawaru
 15006 | D:9      | Noticed a two-headed ogre
 15051 | D:9      | Killed a two-headed ogre
 15378 | D:9      | Received a gift from Okawaru
 15624 | D:9      | You fall through a shaft!
 15624 | D:10     | Entered Level 10 of the Dungeon
 15834 | D:9      | Reached ***** piety under Okawaru
 16390 | D:10     | Found a staircase to the Orcish Mines.
 16714 | D:10     | Found Qitexil's Jewellery Emporium.
 16822 | D:10     | Noticed Fannar
 17064 | D:10     | Killed Fannar
 17535 | D:10     | Noticed Erolcha
 17547 | D:10     | Killed Erolcha
 17547 | D:10     | Reached XP level 12. HP: 87/87 MP: 12/12
 17611 | D:10     | Received a gift from Okawaru
 17946 | D:11     | Found a gate leading to a gauntlet.
 17954 | Gauntlet | Entered a Gauntlet
 17954 | Gauntlet | Found a transporter.
 17962 | Gauntlet | Noticed a wizard
 17964 | Gauntlet | Found a transporter.
 17978 | Gauntlet | Found a transporter.
 17983 | Gauntlet | Found a transporter.
 17997 | Gauntlet | Noticed a death drake
 17998 | Gauntlet | Found a transporter.
 18017 | Gauntlet | Found a transporter.
 18027 | Gauntlet | Noticed a wretched star
 18029 | Gauntlet | Found a transporter.
 18037 | Gauntlet | Noticed a sun demon
 18041 | Gauntlet | Found a transporter.
 18049 | Gauntlet | Found a large runed translucent door.
 18050 | Gauntlet | Found a large runed translucent door.
 18051 | Gauntlet | Found a large runed translucent door.
 18051 | Gauntlet | Found a large runed translucent door.
 18051 | Gauntlet | Noticed a hell hog
 18052 | Gauntlet | Found a runed translucent gate.
 18061 | Gauntlet | Found a transporter.
 18061 | Gauntlet | Found a runed translucent gate.
 18062 | Gauntlet | Found a runed translucent gate.
 18063 | Gauntlet | Found a large runed translucent door.
 18063 | Gauntlet | Found a large runed translucent door.
 18064 | Gauntlet | Found the +2 hat of the Bear Spirit {Spirit, +Rage rN+
                  | MR++}
 18064 | Gauntlet | Found a large runed translucent door.
 18065 | Gauntlet | Found a large runed translucent door.
 18073 | Gauntlet | Found a transporter.
 18073 | Gauntlet | Noticed a great orb of eyes
 18088 | Gauntlet | Found a large runed translucent door.
 18088 | Gauntlet | Found a large runed translucent door.
 18088 | Gauntlet | Found a runed translucent door.
 18088 | Gauntlet | Found a runed translucent door.
 18089 | Gauntlet | Found a large runed translucent door.
 18090 | Gauntlet | Found a large runed translucent door.
 18092 | Gauntlet | Found a transporter.
 18092 | Gauntlet | Found a transporter.
 18114 | Gauntlet | Found a large runed translucent door.
 18114 | Gauntlet | Found a large runed translucent door.
 18115 | Gauntlet | Found a large runed translucent door.
 18116 | Gauntlet | Found a large runed translucent door.
 18118 | Gauntlet | Found a transporter.
 18120 | Gauntlet | Found a transporter.
 18142 | Gauntlet | Found a transporter.
 18168 | Gauntlet | Found a transporter.
 18176 | Gauntlet | Noticed a death drake
 18176 | Gauntlet | a salamander changed into a death drake
 18245 | Gauntlet | Found a transporter.
 18269 | Gauntlet | Noticed a fire crab
 18272 | Gauntlet | Found a transporter.
 18619 | Gauntlet | Received a gift from Okawaru
 19260 | Gauntlet | Noticed a minotaur
 19316 | Gauntlet | Hit by a javelin of returning thrown by a minotaur

Skill      XL: |  1  2  3  4  5  6  7  8  9 10 11 |
---------------+----------------------------------+-----
Slings         | 6 7 8 9 10 11 12 | 12.0
Fighting       | 2 3 4 5 7 8 9 |  9.9
Dodging        | 3 4 5 6 8 10 11 | 11.5
Long Blades    | 4 8 |  8.5
Stealth        | |  1.1

Action                   |  1- 3 |  4- 6 |  7- 9 | 10-12 || total
-------------------------+-------+-------+-------+-------++-------
Melee: Short sword       |    74 |    52 |       |       ||   126
       Dagger            |       |       |       |    15 ||    15
       Punch             |       |       |       |     1 ||     1
 Fire: Hunting sling     |    43 |   265 |   659 |   874 ||  1841
Invok: Heroism           |       |       |       |     4 ||     4
Evoke: Wand              |       |       |       |    22 ||    22
  Use: Scroll            |       |     6 |     7 |    11 ||    24
       Potion            |       |       |       |    10 ||    10
 Stab: Sleeping          |       |     1 |       |       ||     1
  Eat: Chunk             |     1 |    10 |    10 |    30 ||    51
       Ration            |       |       |     2 |     2 ||     4
Armor: Leather armour    |    13 |    19 |    35 |    44 ||   111
Dodge: Dodged            |    62 |   102 |   146 |   422 ||   732
